 Dungeon Crawl Stone Soup version 0.24-a0-91-g4e4936a (webtiles) character file.

Game seed: 6896153615097047149

7 Borgoz the Covered (level 2, -1/19 HPs)
             Began as a Gargoyle Fighter on Feb 9, 2019.
             Slain by a goblin (3 damage)
             ... on level 1 of the Dungeon.
             The game lasted 00:00:25 (90 turns).

Borgoz the Covered (Gargoyle Fighter)                 Turns: 90, Time: 00:00:26

Health: -1/19      AC:  9    Str: 19    XL:     2   Next: 4%
Magic:  2/2        EV:  7    Int:  8    God:
Gold:   15         SH:  9    Dex:  9    Spells: 1/1 levels left

rFire    . . .     SeeInvis .   a - +0 war axe
rCold    . . .     Gourm    .   c - +0 shield
rNeg     + . .     Faith    .   b - +0 scale mail
rPois    ∞         Spirit   .   (no helmet)
rElec    +         Reflect  .   (no cloak)
rCorr    .         Harm     .   (no gloves)
MR       .....                  (no boots)
Stlth    ..........             (no amulet)
HPRegen  0.06/turn              (no ring)
MPRegen  0.08/turn              (no ring)

@: no status effects
A: negative energy resistance 1, electricity resistance, unbreathing,
petrification resistance, rot immunity, AC +2
a: no special abilities


You were on level 1 of the Dungeon.
You were not hungry.

You visited 1 branch of the dungeon, and saw 1 of its levels.

You collected 15 gold pieces.

Inventory:

Hand Weapons
 a - a +0 war axe (weapon)
Armour
 b - a +0 scale mail (worn)
 c - a +0 shield (worn)
Scrolls
 e - a scroll of teleportation {unknown}
 h - a scroll of identify {unknown}
Potions
 d - a potion of might
Comestibles
 f - a ration
 g - a chunk of flesh


   Skills:
 + Level 3.3 Fighting
 * Level 2.0 Axes
 * Level 3.5 Armour
 + Level 0.2 Dodging
 + Level 3.3 Shields


You had one spell level left.
You didn't know any spells.
Your spell library was empty.

Dungeon Overview and Level Annotations

Branches:
Dungeon (1/15)

Altars:


Innate Abilities, Weirdness & Mutations

You are resistant to torment.
Your stone body is resilient. (AC +2)
You are immune to poison.
You resist negative energy. (rN+)
You are resistant to electric shocks. (rElec)
You can survive without breathing.
You are immune to petrification.
You are immune to rotting.


Message History

* * * LOW HITPOINT WARNING * * *
The goblin hits you but does no damage.
The dart slug bites you but does no damage.
You closely miss the goblin.
The goblin is moderately wounded.
You hit the dart slug.
You kill the dart slug!
Your Axes skill increases to level 2!
You have reached level 2!
The goblin hits you but does no damage.
Your shield and scale mail prevent you from hitting the goblin.
The goblin is moderately wounded.
You block the goblin's attack. x2
You closely miss the goblin.
The goblin is moderately wounded.
The goblin hits you but does no damage.
You closely miss the goblin.
The goblin is moderately wounded.
You block the goblin's attack. The goblin hits you.
You die...

#. ..# ..# #.# .# [...
##.# ##.########## .....
... .............#
...##.###............#
#...................#
#..............[..÷#
..##.†@g..............#
..............(.........
##......................
#......................
#......###.#.###.......
#......#####.#...#.....
####...........####..##
#.#........## #....
#.#.####...# #.###


You could see a goblin.

Vanquished Creatures
  A dart slug (D:1)
  A giant cockroach (D:1)
  A goblin (D:1)
  A frilled lizard (D:1)
  2 rats (D:1)
6 creatures vanquished.

Notes
Turn   | Place    | Note
-------+----------+-------------------------------------------
     0 | D:1      | Borgoz the Gargoyle Fighter began the quest for the Orb.
     0 | D:1      | Reached XP level 1. HP: 14/14 MP: 1/1
    87 | D:1      | Reached XP level 2. HP: 2/19 MP: 2/2
    90 | D:1      | Slain by a goblin

Levels and vault maps discovered:
D:1:      shiori_arrival_oz, layout_basic

Skill      XL: |  1 |
---------------+----+-----
Axes           | 2 |  2.0
Fighting       | |  3.3
Armour         | |  3.5
Dodging        | |  0.2
Shields        | |  3.3

Action                   || total
-------------------------++-------
Melee: War axe           ||    21
Armor: Scale mail        ||    12
Dodge: Dodged            ||     6
Block: Shield            ||    13

Table legend:
 A = Non-vault XP
 B = Vault XP
 C = Vault XP percentage of total XP
 D = Non-vault monster count
 E = Vault monster count
 F = Vault count percentage of total count
                 A         B        C        D         E       F
            +---------+---------+-------+---------+---------+-------
      Total |      11 |       0 |   0.0 |       6 |       0 |   0.0
            +---------+---------+-------+---------+---------+-------
        D:1 |      11 |       0 |   0.0 |       6 |       0 |   0.0
            +---------+---------+-------+---------+---------+-------
